 Dungeon Crawl Stone Soup version 0.27-a0-1416-g941b2bd30b (webtiles) character file.

Game seed: 7830454504943764423

426 Tocho the Ruffian (level 6, -1/48 HPs)
             Began as a Draconian Transmuter on July 1, 2021.
             Slain by an iguana (8 damage)
             ... on level 4 of the Dungeon.
             The game lasted 00:07:57 (4993 turns).

Tocho the Ruffian (Draconian Transmuter)            Turns: 4993, Time: 00:07:58

Health: -1/48      AC:  2    Str: 14    XL:     6   Next: 64%
Magic:  9/10       EV: 12    Int: 13    God:
Gold:   128        SH:  0    Dex: 12    Spells: 5/11 levels left

rFire    . . .     SeeInvis .     - Unarmed
rCold    . . .     Faith    .   (no shield)
rNeg     . . .     Spirit   .   (armour unavailable)
rPois    .         Reflect  .   (helmet restricted)
rElec    .         Harm     .   (no cloak)
rCorr    .         Rampage  .   (no gloves)
Will     .....                  (no boots)
Stlth    ++........             (no amulet)
HPRegen  0.16/turn              j - ring of wizardry
MPRegen  0.12/turn              (no ring)

@: about to teleport, wereblooded (expiring), corroded
A: AC +6, unfitting armour, cold-blooded
a: no special abilities


You were on level 4 of the Dungeon.
You visited 1 branch of the dungeon, and saw 4 of its levels.

You collected 128 gold pieces.

Inventory:

Missiles
 e - 15 poisoned darts (quivered)
 i - 7 datura-tipped darts
 k - 8 javelins
Jewellery
 b - a ring of ice
 c - a ring of magical power
 f - a ring of willpower
 j - a ring of wizardry (left hand)
Scrolls
 g - a scroll of identify
Potions
 a - a potion of brilliance
 h - 2 potions of lignification
 l - a potion of flight {unknown}


   Skills:
 + Level 2.1 Fighting
 + Level 3.2 Dodging
 + Level 1.3 Stealth
 + Level 5.2 Unarmed Combat
 + Level 3.1 Spellcasting
 + Level 3.2 Transmutations


You had 5 spell levels left.
You knew the following spells:

 Your Spells              Type           Power      Damage    Failure   Level
a - Beastly Appendage     Tmut           20%        N/A       2%          1
b - Wereblood             Tmut           10%        N/A       3%          2
c - Spider Form           Tmut/Pois      3%         N/A       14%         3

Your spell library contained the following spells:

 Spells                   Type           Power      Damage    Failure   Level
 Passwall                 Tmut/Erth      5%         N/A       8%          2
 Sandblast                Erth           4%         2d4       9%          1
 Static Discharge         Conj/Air       2%         N/A       14%         2
 Sublimation of Blood     Necr           1%         N/A       14%         2
 Ice Form                 Ice/Tmut       6%         N/A       41%         4
 Petrify                  Tmut/Erth      6%         N/A       41%         4
 Dispel Undead            Necr           2%         3d7       63%         4
 Sticky Flame             Conj/Fire      2%         2d3       63%         4
 Irradiate                Conj/Tmut      3%         3d14      75%         5
 Lee's Rapid Deconstruct  Erth           1%         3d5*      91%         5


Dungeon Overview and Level Annotations

Branches:
Dungeon (4/15)
 Temple: D:4-7

Altars:


Innate Abilities, Weirdness & Mutations

Your plain brown scales are hard. (AC +6)
You cannot fit into any form of body armour.
You are cold-blooded and may be slowed by cold attacks.


Message History

You closely miss the water moccasin skeleton.
You headbutt the water moccasin skeleton.
The water moccasin skeleton is severely damaged.
The water moccasin skeleton closely misses you.
You hit the water moccasin skeleton but do no damage.
The water moccasin skeleton is severely damaged.
Your transformation is almost over.
The water moccasin skeleton closely misses you.
A jelly comes into view.
The jelly quivers.
You hit the water moccasin skeleton. You claw the water moccasin skeleton.
You tail-slap the water moccasin skeleton.
The water moccasin skeleton is almost destroyed.
The water moccasin skeleton bites you.
* * * LOW HITPOINT WARNING * * *
You closely miss the water moccasin skeleton.
Your kick misses the water moccasin skeleton.
The water moccasin skeleton is almost destroyed.
The water moccasin skeleton bites you but does no damage.
You hit the water moccasin skeleton.
You feel a bit better.
You destroy the water moccasin skeleton!
You howl as the wereblood boils in your veins!
You howl as the wereblood boils in your veins!
There is an open door here.
Your horns disappear.
Your talons disappear.
You howl as the wereblood boils in your veins!
Your primal bloodlust is almost over.
An iguana comes into view.
You howl as the wereblood boils in your veins!
The iguana hisses angrily.
You barely miss the iguana. You tail-slap the iguana.
The iguana is lightly wounded.
The jelly hits you. The acid corrodes you!
You are splashed with acid!
* * * LOW HITPOINT WARNING * * *
The iguana barely misses you.
As you read the scroll of teleportation, it crumbles to dust.
You feel strangely unstable.
You howl as the wereblood boils in your veins!
The jelly misses you. The iguana bites you!
You die...

... ... ... #.#
##.## ... #l# #@#
#J# #.# # #.# ##
#..##.## . #..
#......# '#
#..8######.####.#
#.......'......#..
#....)..#......'..


You could see an iguana and a jelly.

Vanquished Creatures
  3 scorpions
  A water moccasin skeleton (D:4)
  A jelly (D:4)
  An iguana (D:3)
  An orc wizard (D:4)
  4 gnolls
  An adder (D:4)
  A white imp (D:4)
  An adder skeleton (D:4)
  3 worms
  2 orcs (D:4)
  7 ball pythons
  8 bats
  2 endoplasms (D:1)
  2 giant cockroaches
  6 goblins
  2 hobgoblins (D:1)
  2 jackals (D:4)
  4 kobolds
  2 quokkas
  2 frilled lizards
  10 rats
66 creatures vanquished.

Notes
Turn   | Place    | Note
-------+----------+-------------------------------------------
     0 | D:1      | Tocho the Draconian Transmuter began the quest for the Orb.
     0 | D:1      | Reached XP level 1. HP: 16/16 MP: 3/3
   206 | D:1      | Reached XP level 2. HP: 7/23 MP: 5/5
   209 | D:1      | Learned a level 2 spell: Wereblood
  1301 | D:2      | Reached XP level 3. HP: 28/28 MP: 2/6
  2385 | D:3      | Reached XP level 4. HP: 27/35 MP: 4/7
  2741 | D:3      | Learned a level 3 spell: Spider Form
  2758 | D:3      | Noticed a scorpion
  2769 | D:3      | Killed a scorpion
  2770 | D:3      | Reached skill level 4 in Unarmed Combat
  2770 | D:3      | Reached XP level 5. HP: 21/40 MP: 4/8
  4092 | D:4      | Reached skill level 1 in Stealth
  4549 | D:4      | Reached XP level 6. HP: 48/48 MP: 7/10
  4922 | D:4      | Reached skill level 5 in Unarmed Combat
  4993 | D:4      | Slain by an iguana

Illustrated notes

Levels and vault maps discovered:
D:1:      saegor_arrival_simple_a, layout_rooms, roderic_lattice_a,
          serial_bayou_crossing
D:2:      layout_loops_ring, minmay_tetromino_s2
D:3:      layout_basic, kennysheep_another_room, minivault_25,
          kennysheep_generic_room_10
D:4:      minmay_chambers_of_twos, layout_basic, minmay_temple_entry_large_hall,
          hangedman_abyss_or_decor_stabs, minmay_bisected

Skill      XL: |  1  2  3  4  5  6 |
---------------+-------------------+-----
Dodging        | 2 3 |  3.2
Unarmed Combat | 4 5 |  5.2
Stealth        | 1 |  1.3
Fighting       | 2 |  2.1
Transmutations | 3 |  3.2
Spellcasting   | 3 |  3.1

Action                   |  1- 3 |  4- 6 || total
-------------------------+-------+-------++-------
Melee: Unarmed           |   108 |   145 ||   253
       Kick              |    12 |    13 ||    25
       Headbutt          |     7 |    11 ||    18
       Tailslap          |     9 |    19 ||    28
       Punch             |       |     3 ||     3
 Cast: Beastly Appendage |    10 |     7 ||    17
       Wereblood         |     4 |     8 ||    12
  Use: Potion            |       |     2 ||     2
       Scroll            |       |     6 ||     6
 Stab: Sleeping          |     1 |     1 ||     2
Armor: Skin              |    30 |    43 ||    73
Dodge: Dodged            |    79 |    84 ||   163

Table legend: (Time is in decaauts)
 A = Elapsed time spent in this place.
 B = Non-inter-level travel time spent in this place.
 C = Inter-level travel time spent in this place.
 D = Time resting spent in this place.
 E = Time spent auto-exploring this place.
 F = Levels seen in this place.
 G = Mean time per level.
                   A        B        C        D        E       F      G
               +--------+--------+--------+--------+--------+-----+--------+
         Total |   4981 |   4869 |    112 |   1442 |   2802 |   4 | 1245.2 |
       Dungeon |   4981 |   4869 |    112 |   1442 |   2802 |   4 | 1245.2 |
               +--------+--------+--------+--------+--------+-----+--------+

Top non-repeatable levels by time:
     D:3: 1736 daAuts
     D:4: 1477 daAuts
     D:1: 957 daAuts
     D:2: 809 daAuts
